 Dungeon Crawl Stone Soup version 0.29.0-5-ge4962eb29e (webtiles) character file.

Game seed: 16328647086761144204

529028 sausages the Conqueror (level 24, -2/199 HPs)
             Began as a Minotaur Fighter on Aug 28, 2022.
             Was a High Priest of Trog.
             Slain by Parghit (29 damage)
             ... on level 2 of the Realm of Zot.
             The game lasted 03:45:33 (65769 turns).

sausages the Conqueror (Minotaur Fighter)          Turns: 65769, Time: 03:45:34

Health: -2/199     AC: 50    Str: 27    XL:     24   Next: 36%
Magic:  5/5        EV:  6    Int:  8    God:    Trog [*****.]
Gold:   2498       SH: 40    Dex: 19    Spells: 23/23 levels left

rFire   + + +      SeeInvis +   j - +9 eveningstar (antimagic)
rCold   + . .      Faith    .   i - +18 shield of the Gong {rElec rN+ Will+ EV-5}
rNeg    + . .      Spirit   .   m - +8 crystal plate armour
rPois   +          Reflect  +   S - +2 hat
rElec   +          Harm     .   I - scarf {rC+ rF+}
rCorr   +          Rampage  .   y - +2 pair of gloves
Will    +++..      Rage     3%  t - +2 pair of boots
Stlth   ..........              s - amulet of reflection
HPRegen 0.43/turn               C - ring of Hats {rPois rF+ rCorr Stlth-}
MPRegen 0.09/turn               w - ring "Eggaturo" {rF+ Int+3 Dex+3 SInv}

@: about to teleport, on berserk cooldown, slowed, studying Armour, very slow
A: horns 2, retaliatory headbutt, beak, iridescent scales 1, thin skeletal
structure 1, berserk 1, frail 2, low MP 2, strong-willed 1, weak 1
}: 3/15 runes: decaying, serpentine, silver
a: Renounce Religion, Berserk, Trog's Hand, Brothers in Arms


You were on level 2 of the Realm of Zot.
You worshipped Trog.
Trog was extremely pleased with you.
You visited 9 branches of the dungeon, and saw 45 of its levels.
You visited the Abyss 1 time.
You visited 1 bazaar.
You also visited: Ice Cave and Volcano.

You collected 6398 gold pieces.
You spent 3900 gold pieces at shops.

Inventory:

Hand Weapons
 b - a +2 demon whip of draining
 j - a +9 antimagic eveningstar (weapon)
Missiles
 c - 9 javelins (quivered)
 T - 6 boomerangs of dispersal
Armour
 i - the +18 shield of the Gong (worn) {rElec rN+ Will+ EV-5}
   (You bought it in a shop on level 1 of the Orcish Mines)

   It is deafeningly noisy when blocking attacks.
   EV:        It affects your evasion (-5).
   rElec:     It insulates you from electricity.
   rN:        It protects you from negative energy.
   Will:      It increases your willpower.
 m - a +8 crystal plate armour (worn)
 t - a +2 pair of boots (worn)
 y - a +2 pair of gloves (worn)
 I - a scarf of resistance (worn)
 P - a +2 cloak of willpower
 S - a +2 hat (worn)
Jewellery
 a - a ring of flight
 g - the ring "Cith" {rC++ rCorr Str+3 Int-5}
   (You found it on level 3 of the Elven Halls)

   [ring of resist corrosion]

   Str:       It affects your strength (+3).
   Int:       It affects your intelligence (-5).
   rC:        It greatly protects you from cold.
   rCorr:     It protects you from acid and corrosion.
 s - an amulet of reflection (around neck)
 w - the ring "Eggaturo" (right hand) {rF+ Int+3 Dex+3 SInv}
   (You bought it in a shop on level 4 of the Dungeon)

   [ring of protection from fire]

   Int:       It affects your intelligence (+3).
   Dex:       It affects your dexterity (+3).
   rF:        It protects you from fire.
   SInv:      It lets you see invisible.
 C - the ring of Hats (left hand) {rPois rF+ rCorr Stlth-}
   (You bought it in a shop on level 1 of the Elven Halls)

   [ring of resist corrosion]

   rF:        It protects you from fire.
   rPois:     It protects you from poison.
   rCorr:     It protects you from acid and corrosion.
   Stlth:     It makes you less stealthy.
 L - the ring "Pites" {rF+ Will+}
   (You took it off an orc priest on level 8 of the Dungeon)

   [ring of protection from fire]

   rF:        It protects you from fire.
   Will:      It increases your willpower.
 M - the ring "Wuetsi" {rC+ rCorr Dex+2}
   (You took it off a vault warden on level 5 of the Vaults)

   [ring of protection from cold]

   Dex:       It affects your dexterity (+2).
   rC:        It protects you from cold.
   rCorr:     It protects you from acid and corrosion.
 V - the ring "Tahick" {rElec rCorr Int-5 SInv Stlth-}
   (You took it off an ironbound preserver on level 5 of the Vaults)

   [ring of resist corrosion]

   Int:       It affects your intelligence (-5).
   rElec:     It insulates you from electricity.
   SInv:      It lets you see invisible.
   rCorr:     It protects you from acid and corrosion.
   Stlth:     It makes you less stealthy.
 X - a ring of protection from cold
Wands
 d - a wand of acid (23)
 o - a wand of digging (21)
 p - a wand of flame (51)
 r - a wand of iceblast (59)
 A - a wand of paralysis (44)
 D - a wand of mindburst (12)
 Y - a wand of polymorph (14)
Scrolls
 e - 16 scrolls of teleportation
 h - 8 scrolls of poison
 q - 11 scrolls of fear
 u - 3 scrolls of blinking
 v - 8 scrolls of fog
 x - 3 scrolls of summoning
 z - 7 scrolls of vulnerability
 H - a scroll of enchant weapon
 J - a scroll of silence
 K - 12 scrolls of immolation
 W - 6 scrolls of magic mapping
Potions
 f - 16 potions of curing
 k - 4 potions of heal wounds
 l - 5 potions of berserk rage
 n - 4 potions of haste
 B - a potion of flight
 E - a potion of invisibility
 F - 4 potions of ambrosia
 G - 7 potions of magic
 N - 6 potions of cancellation
 O - 8 potions of mutation
 R - a potion of resistance
 U - 6 potions of might
Miscellaneous
 Q - a tin of tremorstones (2/2)


   Skills:
 O Level 27 Fighting
 O Level 27 Maces & Flails
 + Level 14.3 Throwing
 + Level 25.8 Armour
 + Level 6.5 Dodging
 + Level 23.2 Shields
 - Level 2.7 Evocations


You had 23 spell levels left.
You didn't know any spells.
Your spell library was empty.

Dungeon Overview and Level Annotations

Branches:
Dungeon (15/15)            Temple (0/1) D:5            Lair (5/5) D:8
  Swamp (4/4) Lair:2        Snake (4/4) Lair:2        Slime (0/5) Lair:5
    Orc (2/2) D:12            Elf (3/3) Orc:2        Vaults (5/5) D:14
  Crypt (0/3) Vaults:3     Depths (4/4) D:15            Zot (3/5) Depths:4
  IceCv (visited)         Volcano (visited)

Altars:
Ashenzari
Elyvilon
Gozag
Hepliaklqana
Okawaru
Sif Muna
Trog
Vehumet
Wu Jian
Xom
Yredelemnul
Zin
The Shining One
Jiyva
Lugonu

Shops:
D:4 *   D:5 !   D:9 [*   D:11 *   Orc:1 [   Orc:2 !?[(   Elf:1 *==:   Snake:1 ?
Vaults:3 (   Vaults:4 ?*[[

Portals:
Hell: Depths:1 Depths:2 Depths:3 Depths:4
Abyss: Depths:3
Pandemonium: Depths:2
Ziggurat: Depths:1
Trove: Depths:3 (give +2 gold dragon scales)

Annotations:
Lair:3 exclusion: oklob plant
Snake:1 1 runed translucent door, TuffENuff's ghost, adept FoFi
Elf:1 3 runed translucent doors, exclusion: obsidian statue, Qiokh's ghost, veteran MiBe
Vaults:4 2 transporters, exclusion: orange crystal statue
Zot:2 Parghit


Innate Abilities, Weirdness & Mutations

You have a pair of horns on your head.
You reflexively headbutt those who attack you in melee.
You have a beak for a mouth.
You are partially covered in iridescent scales. (AC +2)
You have a somewhat thin skeletal structure. (Dex +2, Stealth+)
You sometimes lose your temper in combat.
You are very frail. (-20% HP)
Your magical capacity is very low. (-20% MP)
You are strong-willed. (Will+)
You are weak. (Str -2)


Message History

PANG!
Parghit claws you but does no damage.
You hit Parghit but do no damage. You headbutt Parghit, but do no damage.
Parghit is lightly wounded.
Unknown command.
You hit Parghit. You peck Parghit, but do no damage.
Parghit is lightly wounded.
You are no longer berserk.
You are exhausted.
You feel yourself slow down. You block Parghit's attack.
GONNNNG!
You block Parghit's attack.
GONNNNG!
You block Parghit's attack.
PANG!
You can't see any enemies this would affect, really read the scroll of fear?
Okay, then.
As you read the scroll of teleportation, it crumbles to dust.
You feel strangely unstable.
You feel the Orb delaying your translocation!
You block Parghit's attack.
GONNNNG!
Parghit claws you but does no damage. Parghit claws you!!!
* * * LOW HITPOINT WARNING * * *
You block Parghit's attack.
BONNNG!
You block Parghit's attack.
GONNNNG!
You block Parghit's attack.
GONNNNG!
Unknown command.
You feel much better. Parghit bites you but does no damage.
You block Parghit's attack.
GONNNNG!
You block Parghit's attack.
PANG!
Parghit bites you but does no damage. You block Parghit's attack.
GONNNNG!
Parghit claws you!!
You die...

###...P.....####...##....
#.............###..##....
##.........P.P.####.##.###
#...........P.P.# #.##.#
##.P.............###.'..#
#..[.P............##.##.#
#.P.....[.>.......'..##.#
#.......>.........'..##.#
#P.....)..@.......'..##.#
#..P......T.......##[##.#
##...............###=##.#
#.P.....P......P# #)##.#
##.............####[##.###
#.P....P...^..###)[##....
###P.P......####..)##....
###.P...######...'...#.
####### #.....###...


You could see Parghit (berserk).

Vanquished Creatures
  An orb of fire (Zot:2)
  3 juggernauts
  Sojobo (Depths:3)
  Frederick (Depths:3)
  Margery (Vaults:2)
  Vashnia (Snake:4)
  Xtahua (Vaults:2)
  3 caustic shrikes
  9 golden dragons
  6 tentacled monstrosities
  Jorgrun (D:15)
  A walking crystal tome (Depths:3)
  Zenata (Vaults:2)
  2 liches
  A walking earthen tome (Depths:2)
  4 titans (Vaults:5)
  8 quicksilver dragons
  2 deep elf master archers (Elf:3)
  3 deep elf blademasters
  6 tengu reavers
  Gastronok (Lair:3)
  2 thorn hunters
  4 death cobs
  5 sphinxes
  Agnes (Elf:1)
  A draconian monk (Zot:1)
  11 shadow dragons
  3 fenstrider witches (Swamp:4)
  4 storm dragons
  A draconian knight (Zot:2)
  A revenant (Vaults:3)
  13 nagarajas (Snake:4)
  4 frost giants
  7 fire giants
  10 deep elf sorcerers
  Aizul (Lair:2)
  An orc warlord (Vaults:4)
  An iron dragon (Depths:3)
  A frost giant (shapeshifter) (Vaults:5)
  A ghost moth (shapeshifter) (Elf:3)
  3 draconian scorchers
  4 ghost moths
  4 draconian stormcallers
  5 ghouls
  4 draconian shifters
  14 vault wardens
  2 war gargoyles (Vaults:5)
  6 deep elf elementalists
  4 spriggan defenders
  15 stone giants
  A reaper (IceCv)
  18 very ugly things
  9 ironbound thunderhulks
  A draconian annihilator (Zot:2)
  3 vampire knights
  26 ironbound preservers
  4 bunyips
  3 eleionomae
  5 deep elf demonologists (Elf:3)
  8 green draconians
  12 deep elf annihilators
  5 black draconians
  9 dire elephants
  3 white draconians (Zot:2)
  4 purple draconians
  10 red draconians
  3 entropy weavers
  A spark wasp (Depths:3)
  2 yellow draconians
  9 deep elf death magi
  A blizzard demon (Swamp:4)
  2 crystal guardians (Vaults:1)
  A green death (Swamp:4)
  11 ettins
  A shambling mangrove (Swamp:4)
  A mummy priest (Elf:2)
  9 fire dragons
  7 yaktaur captains
  11 deep elf high priests
  7 great orbs of eyes
  3 boulder beetles
  A salamander tyrant (Snake:1)
  30 vault guards
  4 ice dragons
  2 rakshasas
  A peacekeeper (Vaults:1)
  A catoblepas (Lair:4)
  4 spriggan air magi
  15 hydras
  5 centaur warriors
  A ghost crab (Swamp:4)
  7 anacondas
  8 two-headed ogres
  4 ogre magi
  2 alligators
  An anaconda (shapeshifter) (Vaults:5)
  6 ironbound frosthearts
  7 naga warriors
  A satyr (shapeshifter) (D:15)
  4 tengu warriors
  2 vampire magi
  28 dancing weapons
  10 deep troll shamans
  3 deep troll earth magi
  Urug (Lair:5)
  2 orc high priests (Elf:2)
  5 shock serpents
  17 naga sharpshooters
  3 spriggan berserkers
  2 soul eaters
  14 spriggans
  4 goliath frogs
  12 hell knights
  A sixfirhy (Swamp:4)
  13 deep elf knights
  5 salamander mystics
  2 skeletal warriors (D:15)
  9 iron trolls
  2 shadow demons (Elf:2)
  2 flayed ghosts
  6 bog bodies
  7 sea snakes
  69 deep trolls
  13 naga ritualists
  A death drake (Swamp:3)
  2 glowing orange brains
  19 ironbound convokers
  10 spriggan druids
  7 deep elf archers
  9 wizards
  5 lindwurms
  5 phantasmal warriors
  13 harpies
  33 deep elf pyromancers
  18 deep elf zephyrmancers
  A sphinx zombie (D:15)
  9 necromancers
  2 will-o-the-wisps
  A fire giant zombie (D:15)
  10 mana vipers
  3 orc knights (Vaults:4)
  6 orc sorcerers
  26 ugly things
  6 cyclopes
  2 manticores
  5 oklob plants (Zot:2)
  17 salamanders
  A stone giant zombie (D:15)
  10 moths of wrath
  A faun (shapeshifter) (Elf:3)
  38 black mambas
  6 guardian serpents
  20 vault sentinels
  A molten gargoyle (Volcano)
  2 gargoyles
  An eye of devastation (shapeshifter) (Vaults:4)
  A guardian serpent (shapeshifter) (Vaults:4)
  4 orange demons (Swamp:4)
  A torpor snail (shapeshifter) (Vaults:4)
  6 cane toads
  14 naga magi
  An ice statue (Depths:1)
  5 torpor snails (Lair:5)
  8 komodo dragons
  An unseen horror (D:12)
  A freezing wraith (D:15)
  4 tengu conjurers
  32 yaktaurs
  3 kobold demonologists
  7 ice devils (IceCv)
  4 hellwings
  3 rime drakes
  2 anaconda simulacra (IceCv)
  8 tyrant leeches
  A meliai (shapeshifter) (Vaults:5)
  3 polar bears (Lair:5)
  A tarantella (Vaults:2)
  13 slime creatures
  6 trolls
  18 hornets
  17 blink frogs
  8 dream sheep (Lair:4)
  3 shadows
  3 air elementals
  A vampire (D:10)
  4 water elementals
  A wyvern (shapeshifter) (Vaults:5)
  2 wyverns
  48 yaks
  10 basilisks
  4 fire elementals
  A neqoxec (Swamp:4)
  2 fire bats (Volcano)
  2 wraiths
  A chaos spawn (Swamp:4)
  19 humans (D:14)
  16 vampire mosquitoes
  5 redbacks
  4 wargs (Orc:2)
  43 nagas
  23 swamp worms
  A tengu zombie (D:15)
  2 acid dragons
  A harpy simulacrum (IceCv)
  9 water moccasins
  A hydra simulacrum (IceCv)
  16 orc warriors
  A swamp drake (Swamp:1)
  2 sky beasts (D:7)
  An ice beast (D:8)
  6 black bears
  4 wolves (Lair:2)
  11 ogres
  7 boggarts
  13 centaurs
  2 phantoms
  4 kobold brigands
  15 bullfrogs
  2 necrophages
  3 earth elementals (Elf:1)
  2 gnoll sergeants
  2 two-headed ogre simulacra (IceCv)
  2 scorpions
  2 troll zombies (D:12)
  13 wights
  An elephant simulacrum (IceCv)
  12 killer bees
  3 electric eels
  3 crimson imps (D:9)
  5 lava snakes (Volcano)
  2 hounds
  3 jellies
  9 orc priests
  3 iguanas
  39 orc wizards
  4 polar bear simulacra (IceCv)
  2 spriggan simulacra (IceCv)
  2 troll simulacra (IceCv)
  4 ogre zombies (D:12)
  9 gnolls
  2 naga simulacra (IceCv)
  7 adders
  3 white imps
  3 ufetubi
  3 worms
  2 dart slugs (D:3)
  62 orcs
  6 ball pythons
  7 endoplasms
  2 giant cockroaches
  8 goblins
  8 hobgoblins
  2 quokkas (D:4)
  3 bats
  A frilled lizard (D:3)
  A goblin skeleton (D:12)
  4 goblin zombies (D:12)
  3 hobgoblin zombies (D:12)
  20 kobolds
  2 orc skeletons (D:12)
  9 orc zombies (D:12)
  2 rats
  A briar patch (Swamp:4)
1754 creatures vanquished.

Vanquished Creatures (collateral kills)
  2 nagarajas (Snake:4)
  A deep elf death mage (Vaults:5)
  A boulder beetle (Vaults:2)
  2 vault guards (Vaults:5)
  An anaconda (Snake:3)
  2 naga warriors
  3 naga sharpshooters
  A salamander mystic (Snake:3)
  2 naga ritualists
  An ironbound convoker (Vaults:5)
  An orc sorcerer (Orc:2)
  5 salamanders
  3 black mambas (Snake:3)
  2 naga magi
  A vault sentinel (Vaults:2)
  2 wargs (Orc:2)
  3 nagas
  An orc wizard (Orc:2)
  9 orcs (Orc:2)
43 creatures vanquished.

Vanquished Creatures (others)
  A hydra (Swamp:2)
  A naga warrior (Snake:4)
  A deep elf knight (Elf:2)
  A goliath frog (Swamp:4)
  An ironbound convoker (Vaults:2)
  A deep elf pyromancer (Elf:2)
  5 bloated husks
  A tyrant leech (Swamp:4)
  2 briar patches (Swamp:4)
  21 bushes
  10 foxfires
  67 fungi
  94 plants
  11 toadstools
  A withered plant (D:15)
218 creatures vanquished.

Grand Total: 2015 creatures vanquished

Notes
Turn   | Place    | Note
-------+----------+-------------------------------------------
     0 | D:1      | sausages the Minotaur Fighter began the quest for the Orb.
     0 | D:1      | Reached XP level 1. HP: 19/19 MP: 0/0
   167 | D:1      | Reached XP level 2. HP: 23/27 MP: 1/1
   799 | D:2      | Found a faded altar of an unknown god.
   827 | D:2      | Prayed at the altar of an unknown god.
   827 | D:2      | Became a worshipper of Trog the Wrathful
   827 | D:2      | Reached * piety under Trog
   967 | D:2      | Reached XP level 3. HP: 30/33 MP: 2/2
  1945 | D:3      | Found an iron altar of Okawaru.
  1954 | D:3      | Identified the +5 hand axe of Outrage {vorpal, +Blink rC-
                  | rN+}
  2158 | D:3      | Found a broken altar of Ashenzari.
  2287 | D:3      | Reached XP level 4. HP: 40/41 MP: 3/3
  3013 | D:4      | Reached ** piety under Trog
  3333 | D:4      | Reached skill level 5 in Fighting
  3333 | D:4      | Reached XP level 5. HP: 39/48 MP: 4/4
  3516 | D:4      | Noticed an ogre
  3525 | D:4      | Killed an ogre
  3526 | D:4      | Reached skill level 1 in Evocations
  3526 | D:4      | Reached XP level 6. HP: 56/56 MP: 5/5
  3566 | D:4      | Found Lotefyd's Assorted Antiques.
  3574 | D:4      | Bought a transparent iron ring for 100 gold pieces
  3574 | D:4      | Identified the ring "Eggaturo" {rF+ Int+3 Dex+3 SInv} (You
                  | bought it in a shop on level 4 of the Dungeon)
  4210 | D:5      | Entered Level 5 of the Dungeon
  4228 | D:5      | Found Yluss's Distillery.
  4235 | D:5      | Bought a potion of heal wounds for 60 gold pieces
  4257 | D:5      | Reached skill level 5 in Maces & Flails
  4291 | D:5      | Reached skill level 5 in Shields
  4343 | D:5      | Reached skill level 5 in Armour
  4343 | D:5      | Reached XP level 7. HP: 60/63 MP: 6/6
  4752 | D:5      | Found a staircase to the Ecumenical Temple.
  5466 | D:6      | Reached XP level 8. HP: 73/73 MP: 7/7
  5969 | D:7      | Identified the +1 plate armour "Duqurr" {Dex+2}
  6054 | D:7      | Reached *** piety under Trog
  6442 | D:7      | Found a basalt altar of Yredelemnul.
  6599 | D:7      | Found a hazy altar of Hepliaklqana.
  6637 | D:7      | Found a white marble altar of Elyvilon.
  6682 | D:8      | Reached XP level 9. HP: 82/82 MP: 6/8
  6870 | D:8      | Found a staircase to the Lair.
  7040 | D:8      | Identified the ring "Pites" {rF+ Will+}
  7511 | Lair:1   | Entered Level 1 of the Lair of Beasts
  7669 | Lair:1   | Noticed a cane toad
  7677 | Lair:1   | Killed a cane toad
  7678 | Lair:1   | Reached skill level 10 in Fighting
  7861 | Lair:1   | Noticed a cane toad
  7871 | Lair:1   | Killed a cane toad
  8047 | Lair:1   | Noticed a rime drake
  8062 | Lair:1   | Killed a rime drake
  8063 | Lair:1   | Reached skill level 10 in Maces & Flails
  8063 | Lair:1   | Reached XP level 10. HP: 78/94 MP: 7/9
  8176 | Lair:1   | Noticed a five-headed hydra
  8180 | Lair:1   | Noticed a cane toad
  8183 | Lair:1   | Killed a five-headed hydra
  8191 | Lair:1   | Killed a cane toad
  8331 | Lair:1   | Noticed an eight-headed hydra
  8338 | Lair:1   | Killed an eight-headed hydra
  8361 | Lair:1   | Noticed a cane toad
  8368 | Lair:1   | Killed a cane toad
  8674 | Lair:1   | Noticed a black mamba
  8683 | Lair:1   | Killed a black mamba
  9062 | Lair:2   | Found a glowing golden altar of the Shining One.
  9098 | Lair:2   | Noticed a black mamba
  9206 | Lair:2   | Killed a black mamba
  9207 | Lair:2   | Reached XP level 11. HP: 104/104 MP: 7/10
  9261 | Lair:2   | You fall into a shaft and drop 2 floors!
  9272 | Lair:4   | Reached **** piety under Trog
  9369 | Lair:4   | Found a dark tunnel.
  9382 | Volcano  | Entered a volcano
  9573 | Volcano  | Found a radiant altar of Vehumet.
  9573 | Volcano  | Noticed a salamander mystic
  9771 | Volcano  | Killed a salamander mystic
 10324 | Volcano  | Noticed a hell knight
 10641 | Volcano  | Killed a hell knight
 11027 | Lair:4   | Noticed an eight-headed hydra
 11037 | Lair:4   | Killed an eight-headed hydra
 11038 | Lair:4   | Reached skill level 10 in Armour
 11038 | Lair:4   | Reached skill level 10 in Shields
 11064 | Lair:4   | Noticed a catoblepas
 11077 | Lair:4   | Killed a catoblepas
 11262 | Lair:4   | Reached XP level 12. HP: 112/118 MP: 11/11
 11314 | Lair:4   | Noticed a seven-headed hydra
 11329 | Lair:4   | Killed a seven-headed hydra
 11553 | Lair:4   | Reached XP level 13. HP: 97/125 MP: 9/12
 11989 | Lair:4   | Reached skill level 15 in Fighting
 12192 | Lair:4   | Noticed a dire elephant
 12192 | Lair:4   | Noticed a dire elephant
 12382 | Lair:4   | Found a runed translucent door.
 13097 | Lair:3   | Reached skill level 15 in Maces & Flails
 13615 | Lair:3   | Noticed Gastronok
 13631 | Lair:3   | Killed Gastronok
 14358 | Lair:2   | Found a staircase to the Swamp.
 15030 | Lair:2   | Found a staircase to the Snake Pit.
 15381 | Lair:5   | Entered Level 5 of the Lair of Beasts
 15427 | Lair:5   | Found a runed translucent door.
 15612 | Lair:5   | Reached ***** piety under Trog
 16290 | Lair:5   | Reached XP level 14. HP: 118/138 MP: 9/13
 16441 | Lair:5   | Noticed Urug
 16449 | Lair:5   | Killed Urug
 16769 | Lair:5   | Found a viscous altar of Jiyva.
 16769 | Lair:5   | Found a staircase to the Slime Pits.
 17554 | D:9      | Found Etuwn's Antique Armour Shoppe.
 17600 | D:9      | Received a gift from Trog
 17699 | D:9      | Found Eppogyev's Overcharged Wands.
 17729 | D:9      | Found a shimmering altar of Xom.
 17920 | D:10     | Entered Level 10 of the Dungeon
 18235 | D:10     | Found a radiant altar of Vehumet.
 18281 | D:10     | Identified a scroll of acquirement
 18283 | D:10     | Acquired a manual of Armour
 18944 | D:11     | Found Gizxangi's Changing Room.
 19080 | D:11     | You fall into a shaft and drop 3 floors!
 20606 | D:12     | Found a frozen archway.
 20614 | IceCv    | Entered an ice cave
 21001 | IceCv    | Received a gift from Trog
 21282 | IceCv    | Noticed a reaper
 21290 | IceCv    | Killed a reaper
 21949 | D:12     | Found a staircase to the Orcish Mines.
 23068 | D:11     | Reached XP level 15. HP: 136/150 MP: 12/14
 23449 | Orc:1    | Entered Level 1 of the Orcish Mines
 23470 | Orc:1    | Found Tuf Muibrenn's Armour Shop.
 23481 | Orc:1    | Bought the +2 cloak of Adafuo {Regen+ Str+3} for 361 gold
                  | pieces
 23522 | Orc:2    | Entered Level 2 of the Orcish Mines
 23522 | Orc:2    | Found a staircase to the Elven Halls.
 23776 | Orc:1    | Received a gift from Trog
 24250 | Orc:2    | Gained mutation: Your body sometimes deteriorates upon
                  | taking damage. [a neqoxec]
 24337 | Orc:2    | Found Soziros's Antique Armour Emporium.
 24370 | Orc:2    | Found Xobril's Weapon Shop.
 24443 | Orc:2    | Found Gizeg's Distillery.
 24487 | Orc:2    | Found Ofuyn's Magic Scroll Shop.
 24967 | Orc:1    | Bought the +18 shield of the Gong {rElec rN+ Will+ EV-5}
                  | for 1264 gold pieces
 24967 | Orc:1    | Found the +18 shield of the Gong {rElec rN+ Will+ EV-5}
 25213 | Swamp:1  | Entered Level 1 of the Swamp
 26054 | Swamp:2  | Reached skill level 15 in Armour
 26067 | Swamp:2  | Received a gift from Trog
 27098 | Swamp:3  | Identified the +0 leather armour "Qom Osy" {rF+ Str+8
                  | Slay+3}
 27282 | Swamp:4  | Entered Level 4 of the Swamp
 27592 | Swamp:4  | Noticed a thorn hunter
 27769 | Abyss:2  | Cast into level 2 of the Abyss (a wizard)
 27821 | Swamp:4  | Escaped the Abyss
 27979 | Swamp:4  | Reached ****** piety under Trog
 28008 | Swamp:4  | Reached XP level 16. HP: 162/162 MP: 12/15
 28064 | Swamp:3  | Received a gift from Trog
 28126 | Swamp:3  | Killed a thorn hunter
 28340 | Swamp:4  | Noticed a thorn hunter
 28398 | Swamp:4  | Gained mutation: You have hidden genetic defects. [a
                  | neqoxec]
 28460 | Swamp:4  | Paralysed by a fenstrider witch for 2 turns
 28621 | Swamp:4  | Reached skill level 15 in Shields
 28702 | Swamp:4  | Got a decaying rune of Zot
 28934 | Swamp:4  | Killed a thorn hunter
 29606 | D:14     | Gained mutation: You are dopey. (Int -2) [hidden defects]
 29627 | D:14     | Lost mutation: Your body sometimes deteriorates upon taking
                  | damage. [potion of mutation]
 29627 | D:14     | Lost mutation: You are dopey. (Int -2) [potion of mutation]
 29627 | D:14     | Gained mutation: You are clumsy. (Dex -2) [potion of
                  | mutation]
 29627 | D:14     | Gained mutation: You have large cloven feet. [potion of
                  | mutation]
 29627 | D:14     | Gained mutation: You have an increased reservoir of magic.
                  | (+10% MP) [potion of mutation]
 29628 | D:14     | Lost mutation: You have large cloven feet. [potion of
                  | mutation]
 29628 | D:14     | Lost mutation: You are clumsy. (Dex -2) [potion of
                  | mutation]
 29628 | D:14     | Gained mutation: You are frail. (-10% HP) [potion of
                  | mutation]
 29628 | D:14     | Gained mutation: Your flesh is cold resistant. (rC+)
                  | [potion of mutation]
 29628 | D:14     | Gained mutation: You are strong-willed. (Will+) [potion of
                  | mutation]
 29629 | D:14     | Lost mutation: You are strong-willed. (Will+) [potion of
                  | mutation]
 29629 | D:14     | Lost mutation: You have hidden genetic defects. [potion of
                  | mutation]
 29629 | D:14     | Lost mutation: Your flesh is cold resistant. (rC+) [potion
                  | of mutation]
 29629 | D:14     | Gained mutation: You are strong-willed. (Will+) [potion of
                  | mutation]
 29629 | D:14     | Gained mutation: You are dopey. (Int -2) [potion of
                  | mutation]
 29629 | D:14     | Gained mutation: You are weak. (Str -2) [potion of
                  | mutation]
 29630 | D:14     | Lost mutation: You are dopey. (Int -2) [potion of mutation]
 29630 | D:14     | Lost mutation: You have an increased reservoir of magic.
                  | (+10% MP) [potion of mutation]
 29630 | D:14     | Gained mutation: You have hidden genetic potential. [potion
                  | of mutation]
 29744 | D:14     | Identified the +11 great sword of the Loving Gods {vorpal,
                  | Str+3}
 29906 | D:14     | Found a gate to the Vaults.
 30214 | D:15     | Entered Level 15 of the Dungeon
 30326 | D:15     | Received a gift from Trog
 30505 | D:15     | Noticed Jorgrun
 30511 | D:15     | Killed Jorgrun
 30610 | D:15     | Found a staircase to the Depths.
 30942 | D:15     | Found an ornate altar of the Wu Jian Council.
 31247 | Snake:1  | Entered Level 1 of the Snake Pit
 31258 | Snake:1  | Found a runed translucent door.
 31258 | Snake:1  | Found a shimmering altar of Xom.
 31258 | Snake:1  | Noticed TuffENuff's ghost (adept FoFi)
 31271 | Snake:1  | Found Myhafeis's Magic Scroll Boutique.
 31285 | Snake:1  | Bought a scroll of acquirement for 624 gold pieces
 31286 | Snake:1  | Acquired a +2 antimagic eveningstar
 31444 | Snake:1  | Noticed Aizul
 31464 | Lair:2   | Killed Aizul
 31879 | Snake:1  | Reached XP level 17. HP: 153/155 MP: 5/16
 32588 | Snake:2  | Identified the +5 sling "Vudwos" {freeze, rPois rF+}
 33816 | Snake:2  | Received a gift from Trog
 33917 | Snake:3  | Gained mutation: You have great hidden genetic potential.
                  | [hidden potential]
 34731 | Snake:4  | Entered Level 4 of the Snake Pit
 35272 | Snake:4  | Noticed Vashnia
 35322 | Snake:4  | Killed Vashnia
 35557 | Snake:4  | Identified the +4 flail of Fragile Peace {vorpal, rF- Dex+7
                  | SInv} (Trog gifted it to you on level 4 of the Snake Pit)
 35557 | Snake:4  | Received a gift from Trog
 35806 | Snake:4  | Reached XP level 18. HP: 158/166 MP: 5/17
 36024 | Snake:4  | Got a serpentine rune of Zot
 36479 | Snake:4  | Received a gift from Trog
 36490 | Snake:4  | Gained mutation: You have a beak for a mouth. [hidden
                  | potential]
 36490 | Snake:4  | Lost mutation: You have great hidden genetic potential.
                  | [hidden potential expressed]
 36692 | Snake:4  | Found a shimmering altar of Xom.
 37211 | Depths:1 | Entered Level 1 of the Depths
 37278 | Vaults:1 | Entered Level 1 of the Vaults
 38497 | Vaults:1 | Received a gift from Trog
 38515 | Vaults:1 | Reached skill level 1 in Throwing
 39378 | Vaults:1 | Reached XP level 19. HP: 178/178 MP: 6/18
 39998 | Vaults:2 | Noticed Xtahua
 40009 | Vaults:2 | Killed Xtahua
 40059 | Vaults:2 | Identified the +6 morningstar "Soic" {vorpal, rElec rF+
                  | SInv}
 40089 | Vaults:2 | Noticed Margery
 40173 | Vaults:2 | Noticed Zenata
 40538 | Vaults:2 | Killed Zenata
 40797 | Vaults:2 | Received a gift from Trog
 40813 | Vaults:2 | Gained mutation: You have a somewhat thin skeletal
                  | structure. (Dex +2, Stealth+) [hidden potential]
 41101 | Vaults:2 | You fall into a shaft and drop 1 floor!
 41307 | Vaults:3 | Found Nionluo's Weapon Shop.
 41484 | Vaults:3 | Found a staircase to the Crypt.
 41996 | Vaults:3 | Received a gift from Trog
 42003 | Vaults:3 | Reached skill level 5 in Throwing
 42205 | Vaults:2 | Killed Margery
 43342 | Vaults:4 | Reached XP level 20. HP: 186/186 MP: 6/19
 43621 | Vaults:4 | Identified the +12 rapier of the Silent Majority {flame,
                  | rC+ Will+ Str-4}
 43714 | Vaults:4 | Found Jeshri's Antique Armour Boutique.
 43937 | Vaults:4 | Found Ytseob's Assorted Antiques.
 43937 | Vaults:4 | Found Ziutapo's Magic Scroll Shoppe.
 44038 | Vaults:4 | Identified the +2 cloak of Baklodd {Rampage +Inv Slay+3}
 44086 | Vaults:4 | Found a transporter.
 44095 | Vaults:4 | Found a transporter.
 44160 | Vaults:4 | Received a gift from Trog
 44169 | Vaults:4 | Gained mutation: You are partially covered in iridescent
                  | scales. (AC +2) [hidden potential]
 44169 | Vaults:4 | Lost mutation: You have hidden genetic potential. [hidden
                  | potential expressed]
 44842 | Vaults:4 | Found Piokufe's Antique Armour Shoppe.
 45220 | Elf:1    | Entered Level 1 of the Elven Halls
 45348 | Elf:1    | Received a gift from Trog
 45631 | Elf:1    | Noticed Agnes
 45639 | Elf:1    | Killed Agnes
 45715 | Elf:1    | Found a runed translucent gate.
 45716 | Elf:1    | Found a runed translucent gate.
 45717 | Elf:1    | Found an opulent altar of Gozag.
 45717 | Elf:1    | Found a runed translucent gate.
 45718 | Elf:1    | Noticed Qiokh's ghost (veteran MiBe)
 45911 | Elf:1    | Found Juek's Assorted Antiques.
 46116 | Elf:1    | Found Nauriot's Jewellery Emporium.
 46117 | Elf:1    | Found Diluc's Book Boutique.
 46119 | Elf:1    | Found Jisuph's Jewellery Emporium.
 46129 | Elf:1    | Bought the ring of Hats {rPois rF+ rCorr Stlth-} for 404
                  | gold pieces
 46129 | Elf:1    | Bought an amulet of reflection for 330 gold pieces
 46542 | Elf:2    | Paralysed by an air elemental for 1 turns
 46991 | Elf:2    | Found a shimmering blue altar of Sif Muna.
 46999 | Elf:2    | Received a gift from Trog
 47231 | Elf:2    | Found a shimmering blue altar of Sif Muna.
 47279 | Elf:2    | Identified the +3 dagger of Theory {spect, SInv}
 47280 | Elf:2    | Found a runed translucent gate.
 47280 | Elf:2    | Found a runed translucent gate.
 47284 | Elf:2    | Found a runed translucent gate.
 48261 | Elf:3    | Entered Level 3 of the Elven Halls
 48451 | Elf:3    | Reached XP level 21. HP: 198/198 MP: 6/20
 48534 | Elf:3    | Gained mutation: Your magical capacity is low. (-10% MP) [a
                  | cacodemon]
 48535 | Elf:3    | Received a gift from Trog
 49683 | Elf:3    | Identified the +3 long sword of the Shrinking Gods
                  | {protect, rPois Int+4}
 49880 | Elf:3    | Identified the +7 dagger of Taeta {freeze, rN++ Will-
                  | Dex+4}
 49880 | Elf:3    | Identified the +2 robe "Juetz" {*Slow Will- Int+8 Dex+5}
 49880 | Elf:3    | Identified the ring "Zutty" {Drain rPois Int+5}
 50144 | Elf:3    | Identified the +10 long sword "Fumeset" {flame, MP+9 Int+4}
 50160 | Elf:3    | Identified the +10 demon trident of the Hawk {antimagic,
                  | +Blink rF+} (Trog gifted it to you on level 3 of the Elven
                  | Halls)
 50160 | Elf:3    | Received a gift from Trog
 50257 | Elf:3    | Identified the +7 shortbow "Ycremp" {venom, rPois rF+ Dex+4
                  | Stlth-}
 50261 | Elf:3    | Identified the +8 shortbow of Rotation {vorpal, Dex+5}
 50264 | Elf:3    | Identified the +4 mace of Piapn {flame, Str+3}
 50281 | Elf:3    | Identified the +1 robe "Jodesout" {*Slow Str+4 Slay+3}
 50327 | Elf:3    | Identified the ring "Cith" {rC++ rCorr Str+3 Int-5}
 50339 | Elf:3    | Identified the +3 scale mail of the Volcano {rPois rF+
                  | Int-2 Dex+7}
 50935 | Orc:2    | Bought a scroll of enchant armour for 127 gold pieces
 50945 | Orc:2    | Bought a potion of heal wounds for 90 gold pieces
 50945 | Orc:2    | Bought a potion of mutation for 144 gold pieces
 50945 | Orc:2    | Bought a potion of heal wounds for 90 gold pieces
 50945 | Orc:2    | Bought a potion of heal wounds for 90 gold pieces
 50945 | Orc:2    | Bought a potion of might for 72 gold pieces
 50945 | Orc:2    | Bought a potion of might for 72 gold pieces
 50945 | Orc:2    | Bought a potion of might for 72 gold pieces
 51209 | Depths:1 | Found a one-way gateway to a ziggurat.
 51252 | Depths:1 | Found a corrupted altar of Lugonu.
 51446 | Depths:1 | Found a glowing silver altar of Zin.
 51464 | Depths:1 | Found a gateway to a bazaar.
 51474 | Bazaar   | Entered a bazaar
 51474 | Bazaar   | Found Otzoggerch's Book Emporium.
 51483 | Bazaar   | Found Biziwk's Antique Weapon Boutique.
 51491 | Bazaar   | Found Viydgh's Distillery.
 51502 | Bazaar   | Found Isid's General Store.
 51513 | Bazaar   | Found Jateuses's Antique Armour Shop.
 51696 | Depths:1 | Found a gateway to Hell.
 52134 | Vaults:5 | Entered Level 5 of the Vaults
 52936 | Vaults:4 | Received a gift from Trog
 53137 | Vaults:5 | Reached XP level 22. HP: 67/207 MP: 6/18
 53365 | Vaults:5 | Received a gift from Trog
 53687 | Vaults:5 | Identified the ring "Wuetsi" {rC+ rCorr Dex+2}
 53687 | Vaults:5 | Identified the ring "Forghaka" {Int+6 Dex+4}
 53708 | Vaults:5 | Reached skill level 27 in Fighting
 54170 | Vaults:5 | Reached skill level 27 in Maces & Flails
 54213 | Vaults:5 | Identified the +5 plate armour "Ruesodan" {rPois}
 54254 | Vaults:5 | Got a silver rune of Zot
 54264 | Vaults:5 | Identified the ring "Tahick" {rElec rCorr Int-5 SInv
                  | Stlth-}
 54671 | Depths:2 | Reached skill level 10 in Throwing
 55010 | Depths:2 | Noticed a caustic shrike
 55025 | Depths:2 | Killed a caustic shrike
 55276 | Depths:2 | Received a gift from Trog
 55851 | Depths:2 | Found a one-way gate leading to the halls of Pandemonium.
 56046 | Depths:3 | Noticed a juggernaut
 56046 | Depths:3 | Noticed a juggernaut
 56046 | Depths:3 | Noticed a caustic shrike
 56074 | Depths:3 | Noticed a caustic shrike
 56074 | Depths:3 | Noticed a golden dragon
 56074 | Depths:3 | Noticed a juggernaut
 56120 | Depths:3 | Noticed Sojobo
 56140 | Depths:3 | Killed Sojobo
 56443 | Depths:3 | Noticed Frederick
 56520 | Depths:3 | Killed a juggernaut
 56550 | Depths:3 | Noticed a golden dragon
 56649 | Depths:3 | Killed a golden dragon
 56660 | Depths:3 | Noticed a golden dragon
 56690 | Depths:2 | Killed a caustic shrike
 56691 | Depths:2 | Reached XP level 23. HP: 106/216 MP: 6/19
 57183 | Depths:2 | Killed a juggernaut
 57864 | Depths:3 | Killed Frederick
 58217 | Depths:3 | Killed a caustic shrike
 58229 | Depths:3 | Killed a juggernaut
 58400 | Depths:3 | Received a gift from Trog
 58897 | Depths:3 | Found a one-way gate to the infinite horrors of the Abyss.
 59364 | Depths:3 | Found a portal to a secret trove of treasure.
 59457 | Depths:4 | Entered Level 4 of the Depths
 60043 | Depths:4 | Found a glowing golden altar of the Shining One.
 60718 | Depths:4 | Found a gate to the Realm of Zot.
 60742 | Depths:4 | Reached skill level 1 in Dodging
 61272 | Zot:1    | Entered Level 1 of the Realm of Zot
 61612 | Zot:1    | You fall into a shaft and drop 1 floor!
 61650 | Zot:2    | Received a gift from Trog
 62603 | Zot:2    | Noticed an orb of fire
 62621 | Zot:2    | Gained mutation: You are very frail. (-20% HP) [an orb of
                  | fire]
 62625 | Zot:2    | Gained mutation: You sometimes lose your temper in combat.
                  | [an orb of fire]
 62629 | Zot:2    | Gained mutation: Your magical capacity is very low. (-20%
                  | MP) [an orb of fire]
 62634 | Zot:2    | Killed an orb of fire
 62635 | Zot:2    | Reached XP level 24. HP: 176/199 MP: 1/17
 62926 | Zot:2    | Reached skill level 5 in Dodging
 65692 | Zot:3    | Noticed Parghit
 65768 | Zot:2    | HP: 5/199 [Parghit (38)]
 65769 | Zot:2    | Slain by Parghit

Illustrated notes

Levels and vault maps discovered:
D:1:      ldierk_walled_garden, layout_basic, supply_closet_lemuel
D:2:      layout_loops_ring, chequers_ecumenical_altar_twisty
D:3:      layout_basic, okawaru_ov_weapons_minmay, nicolae_ashenzari_skybound,
          grunt_ministairs_12
D:4:      layout_layer_cave, serial_shops, shop
D:5:      layout_loops_corners, minmay_temple_entry_slanted,
          minmay_shop_grid_forest
D:6:      layout_rooms, serial_rivers, chequers_serial_rivers_small_3,
          chequers_serial_rivers_micro_e, chequers_serial_rivers_large_a,
          chequers_serial_rivers_small_3, chequers_serial_rivers_marsh,
          chequers_serial_rivers_micro_b, serial_bayou_pond_a
D:7:      layout_rooms, kennysheep_mini_moat, kennysheep_ying_yang
D:8:      layout_loops_ring, lair_entry_dummy, kennysheep_generic_room_3
D:9:      layout_basic, led_xom_imps, serial_shops, nicolae_diamond_shop,
          hangedman_abyss_or_decor_stabs, nicolae_shop_overcharged_wands
D:10:     layout_irregular_city, nicolae_vehumet_altar_sigil
D:11:     layout_long_grid, nicolae_transmutations_shop
D:12:     layout_irregular_city, zombieorc1_lemuel,
          portal_ice_cave_entry_pillars_1, dreamdust_princess_corridor
D:13:     layout_grid_maze, minivault_25_ag
D:14:     layout_cave_pools, grunt_vaults_entry_tiered,
          chequers_serial_rivers_micro_d
D:15:     gammafunk_depths_entry_grave, layout_irregular_city,
          serial_park_tiny_pond, pdpol_wu_jian_five_deadly_venoms, uniq_jorgrun
Lair:1:   layout_loops_ring
Lair:2:   layout_cave_pods, palyth_hydra_swamp_entry,
          minmay_snake_entry_guardpost_medium, basic_altar,
          grunt_forest_stairs_basic
Lair:3:   layout_roguey, fungi_pond_lemuel, beast_lair_carwin_3, uniq_gastronok
Lair:4:   gammafunk_lair_enchanted_lake, layout_gridlike, enter_volcano_1
Lair:5:   wormcave, layout_loops_ring, hangedman_lair_in_review,
          nicolae_slime_entry_slimehenge, cheibrodos_lair_lostbears, uniq_urug
Swamp:1:  layout_falls_marsh, evilmike_swamp_ruin_house_5
Swamp:2:  layout_falls_marsh, evilmike_swamp_ruin_house_1, swamp_pool3,
          infiniplex_staircase_pool_2
Swamp:3:  layout_basic_swamp, nicolae_swamp_tree_designs,
          infiniplex_staircase_pool
Swamp:4:  nzn_swamp_witches_coven, layout_basic_swamp
Snake:1:  layout_misc_corridors, serial_shops, shop, ebering_ghost_xom,
          grunt_megastairs_1, uniq_aizul
Snake:2:  layout_cave_shapes, guppyfry_snake_island
Snake:3:  nicolae_sea_snake_s, layout_cave_town, lemuel_fruit_tree
Snake:4:  grunt_snake_rune_spirals, layout_onion, basic_altar, uniq_vashnia
Orc:1:    layout_diamond_mine, serial_shops, shop, basic_altar
Orc:2:    st_orc_town, layout_caves, mines4_lemuel
Elf:1:    layout_loops_corners, ebering_ghost_gozag, hangedman_elf_disciples,
          nicolae_concentric_dashed_squares_wild, minmay_shop_grove, uniq_agnes
Elf:2:    elven_hall_of_blades_hangedman_original [mumra_blade_entry_bloodbath],
          layout_geoelf_diagonals, basic_altar, dreamdust_deal_with_the_devil,
          hangedman_summoners_spam
Elf:3:    minmay_elf_hall_hex, layout_onion_city
Vaults:1: hangedman_vaults_trim, v_alt_pattern_2, v_alt_pattern_6,
          vaults_mumra_minichess_inversion, nicolae_vaults_twisting_passages,
          v_misc_1, grunt_vaults_diagonal, vaults_mumra_chevron_long,
          nicolae_vaults_little_ls, v_misc_25, nicolae_vaults_back_hallway,
          layout_vaults_omnibox
Vaults:2: nicolae_vaults_three_branches, ontoclasm_vaults_idyll,
          nicolae_vaults_little_squares_5, vaults_dpeg_encased_lava, v_misc_27,
          dpeg_vaults_hating_casters, v_misc_5,
          nicolae_vaults_diagonal_hallway_6, layout_vaults_ring, uniq_xtahua,
          uniq_zenata, uniq_margery
Vaults:3: minmay_crypt_entry_simple_box, v_misc_5, ontoclasm_vaults_fault,
          vaults_dpeg_diagonal, nicolae_vaults_shelves_hall,
          ontoclasm_vaults_decontamination, layout_vaults_omnigrid,
          serial_shops, shop
Vaults:4: grunt_vaults_swirl, ontoclasm_vaults_gateway,
          nicolae_vaults_border_crossing, nicolae_vaults_big_ls,
          gammafunk_sealed_arena, hangedman_vaults_stream, v_misc_24,
          ontoclasm_vaults_ring_square, v_misc_27, nicolae_vaults_alarming,
          vaults_dpeg_cross, layout_vaults_maze_bifur, serial_shops, shop,
          nicolae_shop_trees, shop, shop
Vaults:5
Depths:1: layout_basic, enter_ziggurat_f, zin_angel, grunt_hell_entry_dis_mu,
          serial_shops, statue_bzr, tgw_lugonu_bribe
Depths:2: minmay_connected_boxes_in_corner, layout_cave_pools, hell_entry,
          rand_demon_pan_entry_3, infiniplex_staircase_zigzag_2,
          serial_bayou_shore_b
Depths:3: nicolae_hexawheel, layout_cave_pools, kennysheep_flooded_box,
          hell_entry, nicolae_trove_entry_crystal,
          abyss_entry_small_statue_room, evilmike_ambush
          [evilmike_ambush_outer_basic, evilmike_ambush_inner_wall_2],
          uniq_sojobo, uniq_frederick
Depths:4: evilmike_zot_entry_argh, layout_long_grid, tso_metal_star,
          pf_vacation_house_of_asmodeus
Zot:1:    kennysheep_blocky_room, layout_twisted_circle, grunt_megastairs_4
Zot:2:    grunt_zot_stairs_overgrown, layout_gridlike
Zot:3:    kennysheep_bubbly, layout_basic, uniq_parghit

Skill      XL: |  1  2  3  4  5  6  7  8  9 10 11 12 13 14 15 16 17 18 19 20 21 22 23 24 |
---------------+-------------------------------------------------------------------------+-----
Fighting       | 4 5 6 7 8 10 12 14 16 18 19 21 22 23 24 25 26 27 | 27.0
Maces & Flails | 3 4 5 6 8 10 11 14 16 18 19 20 22 23 24 25 26 27 | 27.0
Shields        | 4 5 6 7 9 10 11 12 13 14 15 16 17 18 19 21 22 23 | 23.2
Armour         | 4 5 6 7 9 10 12 14 16 17 19 20 21 23 25 | 25.8
Evocations     | 1 2 |  2.7
Throwing       | 2 5 7 9 11 13 14 | 14.3
Dodging        | 4 6 |  6.5

Action                   |  1- 3 |  4- 6 |  7- 9 | 10-12 | 13-15 | 16-18 | 19-21 | 22-24 || total
-------------------------+-------+-------+-------+-------+-------+-------+-------+-------++-------
Melee: Flail             |    14 |       |       |       |       |       |       |       ||    14
       Headbutt          |     8 |     8 |    41 |    65 |   325 |   362 |   437 |   525 ||  1771
       Mace              |    46 |       |       |       |       |       |       |       ||    46
       Hand axe          |    18 |    75 |    81 |       |       |       |       |       ||   174
       Morningstar       |       |       |   147 |   233 |  1486 |   325 |       |       ||  2191
       Eveningstar       |       |       |       |       |       |  1044 |  1595 |  1469 ||  4108
       Peck              |       |       |       |       |       |   108 |   428 |   499 ||  1035
Throw: Javelin           |       |       |       |       |       |       |    12 |     1 ||    13
Invok: Berserk           |       |     1 |     4 |    13 |    18 |    12 |    11 |     8 ||    67
       Brothers in Arms  |       |       |       |       |     1 |     6 |     3 |       ||    10
       Trog's Hand       |       |       |       |       |       |       |     3 |     2 ||     5
Evoke: Wand              |       |       |       |     1 |     1 |       |       |       ||     2
  Use: Scroll            |     5 |     3 |     9 |     8 |    16 |     9 |    15 |    11 ||    76
       Potion            |       |       |       |     3 |       |     4 |     2 |     5 ||    14
 Stab: Distracted        |       |       |       |       |       |     1 |     1 |     1 ||     3
Armor: Scale mail        |    16 |       |       |       |       |       |       |       ||    16
       Plate armour      |    14 |    35 |   113 |   135 |   449 |       |       |       ||   746
       Ice dragon scales |       |       |       |       |   165 |   386 |   170 |       ||   721
       Crystal plate arm |       |       |       |       |       |       |   305 |   532 ||   837
Dodge: Dodged            |    22 |    19 |    46 |    71 |   313 |    79 |    54 |    66 ||   670
Block: Buckler           |    16 |    15 |    60 |    68 |   286 |       |       |       ||   445
       Kite shield       |       |       |       |       |   332 |  1780 |  1883 |  1870 ||  5865
       Reflection        |       |       |       |       |       |       |    95 |    34 ||   129
